 Dungeon Crawl Stone Soup version 0.20-a0-613-g92415a4 (webtiles) character file.

567 Firecrotchwizard the Chopper (level 7, -8/61 HPs)
             Began as a Minotaur Gladiator on Feb 8, 2017.
             Was an Initiate of Trog.
             Mangled by an ogre
             ... wielding a +0 giant club
              (9 damage)
             ... on level 5 of the Dungeon.
             The game lasted 00:12:33 (3948 turns).

Firecrotchwizard the Chopper (Minotaur Gladiator)   Turns: 3948, Time: 00:12:34

Health: -8/61      AC:  9    Str: 19    XL:     7   Next: 11%
Magic:  6/6        EV:  9    Int:  5    God:    Trog [......]
Gold:   211        SH:  0    Dex: 13    Spells: 6/6 levels left

rFire    . . .     SeeInvis .   a - +0 war axe
rCold    . . .     Gourm    .   n - +0 chain mail
rNeg     . . .     Faith    .   (no shield)
rPois    .         Spirit   .   c - +0 hat
rElec    .         Reflect  .   (no cloak)
rCorr    .         Harm     .   (no gloves)
MR       .....                  (no boots)
Stlth    ..........             (no amulet)
Regen    0.2/turn               (no ring)
                                y - ring of wizardry

@: lethally poisoned (-8 -> -11)
A: retaliatory headbutt, horns 2
a: Burn Spellbooks, Renounce Religion


You were on level 5 of the Dungeon.
You worshipped Trog.
Trog was noncommittal.
You were not hungry.

You visited 2 branches of the dungeon, and saw 6 of its levels.

You collected 211 gold pieces.

Inventory:

Hand Weapons
 a - a +0 war axe (weapon)
 v - a +0 blowgun
Missiles
 d - 3 throwing nets (quivered)
 r - 36 poisoned needles
Armour
 b - a +0 leather armour
 c - a +0 hat (worn)
 k - a +0 ring mail
 n - a +0 chain mail (worn)
Jewellery
 y - a ring of wizardry (left hand)
Scrolls
 e - a scroll of amnesia {unknown}
 g - a scroll of fog {unknown}
 h - 4 scrolls of magic mapping
 i - 3 scrolls of teleportation {unknown}
 j - 2 scrolls of immolation {unknown}
 l - a scroll of blinking {unknown}
 m - 2 scrolls of identify
 p - 2 scrolls of remove curse {unknown}
 q - a scroll of enchant armour {unknown}
 C - a scroll of noise {unknown}
Potions
 s - a potion of lignification {unknown}
 t - 2 potions of cancellation
 u - a potion of resistance {unknown}
 w - 2 potions of magic {unknown}
 x - a potion of curing {unknown}
 z - a potion of mutation {unknown}
 A - a potion of brilliance {unknown}
Comestibles
 f - 2 bread rations
 o - 2 royal jellies
 B - a meat ration


   Skills:
 * Level 5.1 Fighting
 * Level 6.2 Axes
 + Level 3.6 Throwing
 + Level 3.1 Armour
 + Level 4.2 Dodging


You had 6 spell levels left.
You didn't know any spells.

Dungeon Overview and Level Annotations

Branches:
Dungeon (5/15)             Temple (1/1) D:4

Altars:
Ashenzari
Cheibriados
Dithmenos
Elyvilon
Fedhas
Gozag
Hepliaklqana
Makhleb
Nemelex Xobeh
Qazlal
Ru
Trog
Uskayaw
Vehumet
Xom
Yredelemnul
Zin
The Shining One

Annotations:
D:4 Donglino's ghost, amateur MiFi; Grinder


Innate Abilities, Weirdness & Mutations

You reflexively headbutt those who attack you in melee.
You have a pair of horns on your head.


Message History

You feel sick. The ogre hits you but does no damage.
You hit the ogre but do no damage. Your headbutt misses the ogre.
The ogre is lightly wounded.
You feel sick. The ogre hits you with a giant club!!
You slash the ogre!
The ogre is heavily wounded.
The ogre hits you with a giant club!!
* * * LOW HITPOINT WARNING * * *
You barely miss the ogre.
The ogre is severely wounded.
You feel sick. The ogre hits you with a giant club.
* * * LOW HITPOINT WARNING * * *
You hit the ogre. You headbutt the ogre.
The ogre is almost dead.
You feel sick. The ogre hits you with a giant club!
* * * LOW HITPOINT WARNING * * *
You barely miss the ogre.
The ogre is almost dead.
The ogre hits you with a giant club!
You die...

# #. .####### ......#
#.....# ## #.....# #.
#.^...# #. #...(.# #.
.##.@...# #.
.....(†O....############.
...(?(..##+#...........'.
...(....# ##.##########.
((####### ##.##########.
( #.............
#############.
............ ###.....####


You could see an ogre.

Vanquished Creatures
  2 phantoms
  A scorpion (D:4)
  An orc priest (D:3)
  3 hounds
  An iguana (D:4)
  2 worker ants
  A hound skeleton (D:4)
  5 adders
  An adder skeleton (D:4)
  2 worms
  3 dart slugs
  4 leopard geckos
  9 orcs
  5 giant cockroaches
  5 goblins (D:2)
  5 hobgoblins
  2 jackals (D:4)
  7 kobolds
  A quokka (D:2)
  2 bats
  3 frilled lizards
  A jackal skeleton (D:5)
  A quokka skeleton (D:5)
  7 rats
74 creatures vanquished.

Notes
Turn   | Place    | Note
-------+----------+-------------------------------------------
     0 | D:1      | Firecrotchwizard the Minotaur Gladiator began the quest for the Orb.
     0 | D:1      | Reached XP level 1. HP: 18/18 MP: 0/0
   396 | D:1      | Reached XP level 2. HP: 25/25 MP: 1/1
   637 | D:1      | Reached skill level 4 in Axes
   953 | D:2      | Reached skill level 1 in Armour
  1221 | D:2      | Reached XP level 3. HP: 28/30 MP: 2/2
  1224 | D:2      | Found a basalt altar of Yredelemnul.
  1588 | D:3      | Found a glowing silver altar of Zin.
  1602 | D:3      | Reached XP level 4. HP: 36/38 MP: 3/3
  1792 | D:3      | Reached skill level 5 in Axes
  1876 | D:3      | Reached XP level 5. HP: 45/45 MP: 4/4
  2362 | D:4      | Noticed Donglino's ghost (amateur MiFi)
  2423 | D:4      | Noticed a phantom
  2456 | D:4      | Killed a phantom
  2456 | D:4      | Reached XP level 6. HP: 16/53 MP: 5/5
  3177 | D:4      | Noticed Grinder
  3323 | D:4      | Found a staircase to the Ecumenical Temple.
  3331 | Temple   | Entered the Ecumenical Temple
  3485 | Temple   | Became a worshipper of Trog the Wrathful
  3679 | D:5      | Entered Level 5 of the Dungeon
  3686 | D:5      | Reached skill level 6 in Axes
  3934 | D:5      | Reached skill level 5 in Fighting
  3934 | D:5      | Reached XP level 7. HP: 61/61 MP: 6/6
  3947 | D:5      | HP: 1/61 [ogre/giant club (11)]
  3948 | D:5      | Mangled by an ogre

Vault maps used:
D:1:      minmay_arrival_hallway
D:2:      nicolae_overflow_crystal_walls, first_bread, columned_hall_lemuel
D:3:      zin_statuary
D:4:      minmay_temple_entry_grid, hangedman_decor_slide_cut, uniq_grinder
D:5:      kennysheep_okawaru_gauntlet, gup_sewer_entry_pipe
Temple:   eino_temple_rhombus

Skill      XL: |  1  2  3  4  5  6 |
---------------+-------------------+-----
Axes           | 4 5 6 |  6.2
Armour         | 1 2 3 |  3.1
Fighting       | 3 4 5 |  5.1
Throwing       | 3 |  3.6
Dodging        | 4 |  4.2

Action                   |  1- 3 |  4- 6 |  7- 9 || total
-------------------------+-------+-------+-------++-------
Melee: War axe           |    68 |   124 |     7 ||   199
       Headbutt          |    11 |    19 |     1 ||    31
 Fire: Blowgun           |       |    12 |     4 ||    16
  Use: Scroll            |       |     3 |       ||     3
  Eat: Chunk             |     2 |     5 |       ||     7
       Meat ration       |       |     1 |       ||     1
Armor: Ring mail         |    22 |    23 |       ||    45
       Leather armour    |     2 |       |       ||     2
       Chain mail        |       |     5 |     2 ||     7
Dodge: Dodged            |    47 |    72 |     1 ||   120
